 Dungeon Crawl Stone Soup version 0.29.0-11-gd7f09526c8 (webtiles) character file.

Game seed: 10810276761726634903

2 robertstho the Ruffian (level 1, -1/16 HPs)
             Began as a Vine Stalker Berserker on Sept 2, 2022.
             Was a Follower of Trog.
             Slain by a ball python (3 damage)
             ... on level 1 of the Dungeon.
             The game lasted 00:00:11 (46 turns).

robertstho the Ruffian (Vine Stalker Berserker)       Turns: 46, Time: 00:00:12

Health: -1/16      AC:  2    Str: 19    XL:     1   Next: 30%
Magic:  0/2        EV: 12    Int:  7    God:    Trog [*.....]
Gold:   0          SH:  0    Dex: 13    Spells: 0/0 levels left

rFire   . . .      SeeInvis .     - Unarmed
rCold   . . .      Faith    .   (no shield)
rNeg    . . .      Spirit   +   a - +0 animal skin
rPois   .          Reflect  .   (no helmet)
rElec   .          Harm     .   (no cloak)
rCorr   .          Rampage  .   (no gloves)
Will    .....                   (no boots)
Stlth   ..........              (no amulet)
HPRegen 0.05/turn               (no ring)
MPRegen 0.08/turn               (no ring)

@: berserking, very quick
A: fangs 2, magic shield, antimagic bite, no potion heal 2
a: Renounce Religion, Berserk


You were on level 1 of the Dungeon.
You worshipped Trog.
Trog was aware of your devotion.
You visited 1 branch of the dungeon, and saw 1 of its levels.

Inventory:

Armour
 a - a +0 animal skin (worn)
Scrolls
 b - a scroll of identify {unknown}


   Skills:
 * Level 2.7 Fighting
 + Level 1.5 Armour
 + Level 1.5 Dodging
 * Level 3.0 Unarmed Combat


You couldn't memorise any spells.
You didn't know any spells.
Your spell library was empty.

Dungeon Overview and Level Annotations

Branches:
Dungeon (1/15)

Altars:


Innate Abilities, Weirdness & Mutations

You have extremely sharp teeth.
When hurt, damage is shared between your health and your magic reserves.
Your bite disrupts and absorbs the magic of your enemies.
Potions cannot restore your health.


Message History

You hit the goblin.
You kill the goblin!
Trog accepts your kill.
A ball python comes into view.
A goblin comes into view. It is wielding a +0 club.
The goblin shouts!
You hear a shout!
The goblin hits you with a +0 dagger.
The goblin moves out of view.
You closely miss the goblin. Your bite misses the goblin.
The kobold hits you with a +0 dagger. The goblin closely misses you.
You punch the goblin!
You kill the goblin!
Trog accepts your kill.
An endoplasm comes into view.
The kobold misses you.
A bat comes into view.
You barely miss the kobold.
The endoplasm quivers.
Your bite misses the kobold. The kobold hits you with a +0 dagger.
* * * LOW HITPOINT WARNING * * *
A kobold comes into view. It is wielding a +0 short sword.
You are too injured to fight recklessly!
You are too injured to fight recklessly!
You are too injured to fight recklessly!
You are too injured to fight recklessly!
You are too injured to fight recklessly!
The kobold attacks as you move away! The kobold hits you but does no damage.
The bat attacks as you move away! The bat closely misses you.
The bat completely misses you.
There is an open gate here.
The bat hits you.
* * * LOW HITPOINT WARNING * * *
A red film seems to cover your vision as you go berserk!
You feel yourself moving faster!
You feel mighty! The bat barely misses you.
The kobold hits you but does no damage.
You closely miss the bat. The bat barely misses you.
The bat hits you but does no damage. The kobold hits you with a +0 dagger.
* * * LOW HITPOINT WARNING * * *
You barely miss the bat. Your bite misses the bat. The bat hits you.
The ball python bites you.
You die...

############ . #♣#♣♣
#...≈§§≈...#######..
#.'.♣♣#...§§§....#.......
#.#♣.♣#....§≈....#8...#
#.#♣.♣#..........'....# .
#.#♣♣.'..........'.)..##...
#'#####.........SKg........
#.....#....~~...@#8........
#..<).#........b.#.).......
#.....#...~~~~...#.g.......
##################.........
......J... ...###..... ...#
..... K.#. ..###


You could see a goblin, a bat, a ball python and a kobold.

Vanquished Creatures
  2 goblins (D:1)
2 creatures vanquished.

Notes
Turn   | Place    | Note
-------+----------+-------------------------------------------
     0 | D:1      | robertstho the Vine Stalker Berserker began the quest for
                  | the Orb.
     0 | D:1      | Reached XP level 1. HP: 11/11 MP: 2/2
    46 | D:1      | Slain by a ball python

Illustrated notes

Levels and vault maps discovered:
D:1:      scummos_arrival_gate, layout_rooms, ebering_ecumenical_altar_box

Action                   || total
-------------------------++-------
Melee: Unarmed           ||     7
Invok: Berserk           ||     1
Armor: Animal skin       ||     3
Dodge: Dodged            ||     6
